 Dungeon Crawl Stone Soup version 0.30-a0-358-g0d69a1922f (webtiles) character file.

Game seed: 11587293274906896982

1747 Elric the Basher (level 8, -11/63 HPs)
             Began as a Black Draconian Fighter on Nov 9, 2022.
             Was a Follower of Nemelex Xobeh.
             Mangled by a two-headed ogre
             ... wielding a +0 giant club
              (21 damage)
             ... on level 5 of the Dungeon.
             The game lasted 00:09:38 (4528 turns).

Elric the Basher (Black Draconian Fighter)          Turns: 4528, Time: 00:09:39

Health: -11/63     AC:  7    Str: 24    XL:     8   Next: 78%
Magic:  0/8        EV: 12    Int: 12    God:    Nemelex Xobeh [*.....]
Gold:   272        SH:  4    Dex: 12    Spells: 7/7 levels left

rFire   . . .      SeeInvis .    f - +2 morningstar "Laasat" {vorpal, rCorr Str+2 Int+4}
rCold   . . .      Faith    .    b - +0 buckler
rNeg    + . .      Spirit   +    (body armour unavailable)
rPois   .          Reflect  .    (helmet restricted)
rElec   +          Harm     .    (no cloak)
rCorr   +          Rampage  .    d - +0 pair of gloves
Will    .....                    (no boots)
Stlth   ++........               h - amulet of guardian spirit
HPRegen 0.30/turn                n - ring of positive energy
MPRegen 0.11/turn                (no ring)

@: no status effects
A: breathe lightning, AC +6, unfitting armour, electricity resistance,
cold-blooded, claws 1, thin skeletal structure 1
a: Breathe Lightning, Renounce Religion, Draw Escape, Draw Destruction, Draw
Summoning


You were on level 5 of the Dungeon.
You worshipped Nemelex Xobeh.
Nemelex Xobeh was aware of your devotion.
You visited 1 branch of the dungeon, and saw 6 of its levels.

You collected 272 gold pieces.

Inventory:

Hand Weapons
 a - a +1 flail
 f - the +2 morningstar "Laasat" (weapon) {vorpal, rCorr Str+2 Int+4}
   (You acquired it on level 5 of the Dungeon)

   It inflicts extra damage upon your enemies.
   Str:       It affects your strength (+2).
   Int:       It affects your intelligence (+4).
   rCorr:     It protects you from acid and corrosion.
Armour
 b - a +0 buckler (worn)
 d - a +0 pair of gloves (worn)
Jewellery
 h - an amulet of guardian spirit (around neck)
 m - a ring of resist corrosion
 n - a ring of positive energy (left hand)
Wands
 c - a wand of roots (9)
Scrolls
 g - 2 scrolls of teleportation
 i - 5 scrolls of identify
 l - 2 scrolls of enchant weapon
 p - a scroll of fear
 r - a scroll of enchant armour
Potions
 e - 2 potions of curing
 j - a potion of invisibility
 o - a potion of might


   Skills:
 - Level 3.3 Fighting
 + Level 11.4 Maces & Flails
 - Level 2.7 Dodging
 - Level 3.0 Shields


You had 7 spell levels left.
You didn't know any spells.
Your spell library contained the following spells:

 Spells                   Type           Power      Damage    Failure   Level
 Passage of Golubria      Tloc           0%         N/A       99%         4
 Spellforged Servitor     Conj/Summ      0%         N/A       100%        7
 Dragon's Call            Summ           0%         N/A       100%        9


Dungeon Overview and Level Annotations

Branches:
Dungeon (6/15)             Temple (0/1) D:6

Altars:
Nemelex Xobeh
Qazlal

Shops:
D:1 ?*([   D:3 (

Annotations:
D:3 1 runed translucent door, MirrMurr's ghost, weakling SpHu


Innate Abilities, Weirdness & Mutations

You can breathe wild blasts of lightning.
Your glossy black scales are hard. (AC +6)
You cannot fit into any form of body armour.
You are resistant to electric shocks. (rElec)
You are cold-blooded and may be slowed by cold attacks.
You have sharp fingernails.
You have a somewhat thin skeletal structure. (Dex +2, Stealth+)


Message History

Okay, then.
The centaur shoots an arrow.
The centaur shoots an arrow.
The arrow hits your hell hound!
The centaur unwields a +0 shortbow.
The centaur barely misses your hell hound.
The centaur misses your hell hound.
Your hell hound bites the centaur.
Something closely misses your hell hound.
Something barely misses your hell hound.
An arrow appears from out of your range of vision.
The arrow hits your hell hound!
Your hell hound dies!
Your hell hound's corpse disappears in a puff of smoke!
There is a stone staircase leading up here.
You climb upwards.
There is a stone staircase leading down here.
You start resting.
Magic restored.
You start resting.
HP restored.
You climb downwards.
The two-headed ogre barely misses you.
The two-headed ogre hits you with a +0 giant spiked club!
There is a stone staircase leading up, spattered with blood here.
You hit the two-headed ogre.
Your tail-slap misses the two-headed ogre.
The two-headed ogre is lightly wounded.
The two-headed ogre hits you with a +0 giant club!!
The two-headed ogre hits you with a +0 giant spiked club!
You are too injured to fight recklessly!
You are too injured to fight recklessly!
You are too injured to fight recklessly!
You puncture the two-headed ogre!
The two-headed ogre is heavily wounded.
You impale the two-headed ogre!!
Your tail-slap misses the two-headed ogre.
The two-headed ogre is almost dead.
The two-headed ogre hits you with a +0 giant club!
* * * LOW HITPOINT WARNING * * *
The two-headed ogre hits you with a +0 giant spiked club!!
You die...
Your body disappears without a glow.

##.....###........#.#########.
####### #..........# #.......
#........### #.......
#........## #.......
##.......)## #.......
##........).###.......
#..........).#........
#..............#......
#....@................
##..O.................
##..............##.##
###.............##.##
#######............#...#.##
#...................#.c..##
#...................#>.....
#.......#..........##......
#.......#.............###..


You could see a two-headed ogre.

Vanquished Creatures
  3 yaks
  A water moccasin (D:6)
  Duvessa (D:4)
  2 ice beasts
  3 phantoms (D:5)
  2 scorpions
  Dowan (D:4)
  A howler monkey (D:4)
  3 jellies
  2 orc priests
  3 hounds
  3 iguanas
  3 gnolls (D:5)
  10 adders
  A shadow imp (D:5)
  2 white imps (D:5)
  3 worms
  A dart slug (D:2)
  10 orcs
  6 endoplasms
  3 giant cockroaches
  7 goblins
  3 hobgoblins
  14 jackals
  5 ball pythons
  2 frilled lizards (D:1)
  12 kobolds
  A quokka zombie (D:4)
  4 rats
  A rat zombie (D:4)
113 creatures vanquished.

Notes
Turn   | Place    | Note
-------+----------+-------------------------------------------
     0 | D:1      | Elric the Draconian Fighter began the quest for the Orb.
     0 | D:1      | Reached XP level 1. HP: 19/19 MP: 1/1
    30 | D:1      | Found Raumoc's Antique Armour Boutique.
   116 | D:1      | Reached XP level 2. HP: 26/26 MP: 2/2
   127 | D:1      | Found Borarghe's Antique Weapon Boutique.
   225 | D:1      | Found a faded altar of an unknown god.
   272 | D:1      | Reached skill level 3 in Maces & Flails
   610 | D:1      | Found Haasepai's General Store.
   709 | D:1      | Found Domick's Magic Scroll Shoppe.
   816 | D:2      | Reached XP level 3. HP: 25/31 MP: 3/3
  1256 | D:2      | You fall into a shaft and drop 1 floor!
  1265 | D:3      | Reached skill level 4 in Maces & Flails
  1314 | D:3      | Found Nuxyo's Antique Weapon Shop.
  1367 | D:3      | Reached XP level 4. HP: 38/38 MP: 4/4
  1775 | D:3      | Reached skill level 5 in Maces & Flails
  1790 | D:3      | Found a runed translucent door.
  1791 | D:3      | Noticed MirrMurr's ghost (weakling SpHu)
  1873 | D:4      | Reached XP level 5. HP: 45/45 MP: 5/5
  2033 | D:4      | Found a sparkling altar of Nemelex Xobeh.
  2045 | D:4      | Found a stormy altar of Qazlal.
  2071 | D:4      | Became a worshipper of Nemelex Xobeh the Trickster
  2090 | D:4      | Noticed Dowan
  2092 | D:4      | Noticed Duvessa
  2123 | D:4      | Gained mutation: You have sharp fingernails. [potion of
                  | mutation]
  2123 | D:4      | Gained mutation: You have a somewhat thin skeletal
                  | structure. (Dex +2, Stealth+) [potion of mutation]
  2131 | D:4      | Killed Duvessa
  2132 | D:4      | Reached skill level 6 in Maces & Flails
  2132 | D:4      | Reached XP level 6. HP: 51/51 MP: 6/6
  2140 | D:4      | Killed Dowan
  2311 | D:4      | Reached skill level 7 in Maces & Flails
  2473 | D:4      | Reached * piety under Nemelex Xobeh
  3103 | D:5      | Entered Level 5 of the Dungeon
  3132 | D:5      | Your scales start taking on a glossy black colour.
  3132 | D:5      | Reached XP level 7. HP: 26/57 MP: 7/7
  3132 | D:5      | Gained mutation: You are resistant to electric shocks.
                  | (rElec) [Black Draconian growth]
  3248 | D:5      | Reached skill level 8 in Maces & Flails
  3288 | D:5      | Received a gift from Nemelex Xobeh
  3405 | D:5      | Identified a scroll of acquirement
  3405 | D:5      | Acquired the +2 morningstar "Laasat" {vorpal, rCorr Str+2
                  | Int+4}
  3481 | D:5      | Reached skill level 9 in Maces & Flails
  3657 | D:5      | Got Poupie's Spellbook of the Twisted Gathering
  3725 | D:6      | Reached XP level 8. HP: 60/63 MP: 5/8
  3862 | D:6      | Found a staircase to the Ecumenical Temple.
  3885 | D:6      | Reached skill level 10 in Maces & Flails
  3885 | D:6      | Noticed a two-headed ogre
  3970 | D:5      | HP: 1/63 [yak (11)]
  3975 | D:5      | Reached skill level 11 in Maces & Flails
  4317 | D:5      | HP: 1/63 [two-headed ogre/+0 giant club (13)]
  4528 | D:5      | Mangled by a two-headed ogre

Illustrated notes

Levels and vault maps discovered:
D:1:      dpeg_arrival_orchard, layout_basic, serial_shops,
          nicolae_diamond_shop, nicolae_lakefront_shop, shop,
          nicolae_square_shop, shapermc_ecumenical_altar_notcrosses
D:2:      layout_basic, uniq_natasha
D:3:      layout_basic, ebering_ghost_inner_flame, serial_shops, shop_coins,
          chequers_decorated_corner, supply_closet_lemuel
D:4:      layout_layer_cave, mainiacjoe_overflow_large_starburst,
          enter_ossuary_4, uniq_duvessa
D:5:      layout_rooms
D:6:      layout_rooms, temple_fountains, uniq_crazy_yiuf_cottage

Skill      XL: |  1  2  3  4  5  6  7  8 |
---------------+-------------------------+-----
Maces & Flails | 3 4 5 6 7 9 11 | 11.4
Fighting       | |  3.3
Dodging        | |  2.7
Shields        | |  3.0

Action                   |  1- 3 |  4- 6 |  7- 9 || total
-------------------------+-------+-------+-------++-------
Melee: Flail             |   145 |   152 |    62 ||   359
       Tailslap          |    13 |    20 |    21 ||    54
       Morningstar       |       |       |    56 ||    56
Invok: Draw Destruction  |       |       |     4 ||     4
       Draw Summoning    |       |       |     2 ||     2
       Draw Escape       |       |       |     1 ||     1
  Use: Scroll            |     2 |     1 |     6 ||     9
       Potion            |       |    12 |     2 ||    14
 Stab: Sleeping          |       |     1 |     3 ||     4
       Invisible         |       |     1 |       ||     1
Armor: Skin              |    49 |    88 |    41 ||   178
Dodge: Dodged            |    91 |   149 |    78 ||   318
Block: Buckler           |    29 |    46 |    31 ||   106

Table legend: (Time is in decaauts)
 A = Elapsed time spent in this place.
 B = Non-inter-level travel time spent in this place.
 C = Inter-level travel time spent in this place.
 D = Time resting spent in this place.
 E = Time spent auto-exploring this place.
 F = Levels seen in this place.
 G = Mean time per level.
                   A        B        C        D        E       F      G
               +--------+--------+--------+--------+--------+-----+--------+
         Total |   4586 |   4441 |    145 |    678 |   2790 |   6 |  764.3 |
       Dungeon |   4586 |   4441 |    145 |    678 |   2790 |   6 |  764.3 |
               +--------+--------+--------+--------+--------+-----+--------+

Top non-repeatable levels by time:
     D:4: 1527 daAuts
     D:5: 916 daAuts
     D:1: 821 daAuts
     D:3: 628 daAuts
     D:2: 469 daAuts
     D:6: 223 daAuts
